 Dungeon Crawl Stone Soup version 0.30-a0-225-g04c3547f4f (webtiles) character file.

Game seed: 10790961997260796969

1430 qw the Cleaver (level 8, -5/51 HPs)
             Began as a Gargoyle Fighter on Oct 9, 2022.
             Slain by a killer bee (6 damage)
             ... on level 7 of the Dungeon.
             The game lasted 00:01:57 (4044 turns).

qw the Cleaver (Gargoyle Fighter)                   Turns: 4044, Time: 00:01:57

Health: -5/51      AC: 19    Str: 21    XL:     8   Next: 73%
Magic:  8/8        EV:  7    Int:  5    God:
Gold:   236        SH:  4    Dex: 11    Spells: 7/7 levels left

rFire   . . .      SeeInvis .    Y - +0 war axe
rCold   . . .      Faith    .    c - +0 buckler
rNeg    + + .      Spirit   .    l - +0 chain mail
rPois   inf        Reflect  .    h - +0 helmet
rElec   +          Harm     .    n - +2 cloak of Infinity {rPois rN+ Int-5 Dex+2}
rCorr   .          Rampage  .    (no gloves)
Will    .....                    (no boots)
Stlth   ..........               (no amulet)
HPRegen 0.28/turn                (no ring)
MPRegen 0.11/turn                (no ring)

@: no status effects
A: sickness immunity, AC +5, negative energy resistance 1, electricity
resistance, torment resistance 1, petrification resistance
a: no special abilities


You were on level 7 of the Dungeon.
You visited 1 branch of the dungeon, and saw 7 of its levels.

You collected 236 gold pieces.


Innate Abilities, Weirdness & Mutations

You are immune to sickness and miasma.
Your stone body is resilient. (AC +5)
You are immune to poison.
You resist negative energy. (rN+)
You are resistant to electric shocks. (rElec)
You are resistant to unholy torment.
You are immune to petrification.


   Skills:
 - Level 6.2 Fighting
 + Level 8.0 Axes
 - Level 1.2 Throwing
 - Level 4.5 Armour
 - Level 1.0 Dodging
 - Level 3.2 Shields


You had 7 spell levels left.
You didn't know any spells.
Your spell library was empty.

Inventory:

Hand Weapons
 f - a +0 morningstar
 Y - a +0 war axe (weapon)
Missiles
 s - a boomerang (quivered)
Armour
 c - a +0 buckler (worn)
 h - a +0 helmet (worn)
 l - a +0 chain mail (worn)
 n - the +2 cloak of Infinity (worn) {rPois rN+ Int-5 Dex+2}
   (You found it on level 3 of the Dungeon)

   Int:       It affects your intelligence (-5).
   Dex:       It affects your dexterity (+2).
   rPois:     It protects you from poison.
   rN:        It protects you from negative energy.
Jewellery
 b - a ring of flight
Scrolls
 a - 2 scrolls of identify
Potions
 d - 2 potions of might
 g - 3 potions of curing
 i - a potion of attraction {unknown}
 j - a potion of resistance {unknown}
 m - a potion of haste
 p - a potion of lignification {unknown}
 r - 2 potions of heal wounds {unknown}

Dungeon Overview and Level Annotations

Branches:
Dungeon (7/15)
 Temple: D:4-7

Altars:
Trog

Shops:
D:6 (

Annotations:
D:1 2 transporters
D:2 1 runed translucent door, Crazy Yiuf


Message History

The killer bee buzzes angrily.
The killer bee stings you but does no damage.
You hit the killer bee.
The killer bee is moderately wounded.
You slash the killer bee!
The killer bee stings you but does no damage. x2
You block the killer bee's attack.
The killer bee stings you but does no damage.
You completely miss the killer bee.
The killer bee is severely wounded.
You barely miss the killer bee. You closely miss the killer bee. x2
The killer bee barely misses you.
The killer bee stings you but does no damage. x2
The killer bee closely misses you. x2; You block the killer bee's attack.
The killer bee stings you but does no damage. x2
The bullfrog hits you but does no damage.
You closely miss the killer bee.
The killer bee is severely wounded.
You closely miss the bullfrog. You miss the killer bee. x2
You closely miss the killer bee.
The killer bee stings you but does no damage. x2
The killer bee closely misses you. x2
A bullfrog comes into view.
You block the bullfrog's attack.
A wight comes into view. It is wielding a +0 mace.
The killer bee stings you but does no damage. x4
The bullfrog hits you but does no damage.
The killer bee barely misses you.
The killer bee stings you but does no damage.
The killer bee stings you.
The killer bee stings you but does no damage.
You miss the killer bee.
The killer bee is severely wounded.
You miss the killer bee. You barely miss the killer bee.
You closely miss the bullfrog. You miss the killer bee.
The bullfrog croaks.
The killer bee stings you. The killer bee barely misses you.
The killer bee stings you but does no damage. x2
You block the bullfrog's attack. The killer bee stings you.
You die...

....... .....##
.z..... ...!..#
....$..#...... .
........#.<.. .#
..........:##..
.............##.
......yyy.......
......F@........
##.....y........
#...........#..
#..........##
.$.F....?.....
...............#
................
..y.........##..
..........####.


You could see 2 bullfrogs, 5 killer bees and a wight.

Vanquished Creatures
  Grinder (D:4)
  An ice beast (D:6)
  A sky beast (D:6)
  A centaur (D:6)
  A phantom (D:5)
  3 scorpions
  A bullfrog (D:7)
  A necrophage (D:5)
  3 killer bees (D:7)
  2 hounds (D:6)
  2 jellies
  2 orc priests
  2 iguanas (D:5)
  Jessica (D:3)
  Robin (D:2)
  10 adders
  A shadow imp (D:6)
  An ufetubus (D:6)
  2 worms
  8 orcs
  7 endoplasms
  A giant cockroach (D:2)
  12 goblins
  13 hobgoblins
  2 jackals (D:3)
  4 quokkas
  5 ball pythons
  6 bats
  7 frilled lizards (D:1)
  5 kobolds
  7 rats
114 creatures vanquished.

Notes
Turn   | Place    | Note
-------+----------+-------------------------------------------
     0 | D:1      | qw the Gargoyle Fighter began the quest for the Orb.
     0 | D:1      | Reached XP level 1. HP: 14/14 MP: 1/1
     0 | D:1      | 0 ||| qw: Version: 0.2-a-17-g06abaee
     0 | D:1      | 0 ||| qw: Game counter: 2287
     0 | D:1      | 0 ||| qw: Always use a shield: true
     0 | D:1      | 0 ||| qw: God list: Okawaru
     0 | D:1      | 0 ||| qw: Allow faded altars: false
     0 | D:1      | 0 ||| qw: Do Orc after D:15 true
     0 | D:1      | 0 ||| qw: Do second Lair branch before Depths: true
     0 | D:1      | 0 ||| qw: Lair rune preference: random
     0 | D:1      | 0 ||| qw: Plans: Normal, Zot:1-4, God:TSO, Crypt, Tomb,
                  | Pan, Slime:5, Hells, Abyss, Orb
     0 | D:1      | 0 ||| PLANNING D:1-11
    14 | D:1      | Reached skill level 2 in Axes
    99 | D:1      | Reached XP level 2. HP: 19/19 MP: 2/2
   248 | D:1      | Found a faded altar of an unknown god.
   572 | D:1      | Reached skill level 3 in Axes
   609 | D:1      | 609 ||| UPGRADING to +0 helmet.
   614 | D:1      | 614 ||| READING scroll labelled WUVOUX GEEFUF.
   615 | D:1      | 615 ||| READING scroll labelled ZUHELA SECOS.
   672 | D:2      | Noticed Robin
   679 | D:2      | Reached XP level 3. HP: 16/23 MP: 3/3
   686 | D:2      | Killed Robin
   687 | D:2      | Reached XP level 4. HP: 8/28 MP: 4/4
   773 | D:2      | 773 ||| DROPPING +0 club.
   898 | D:2      | Reached skill level 4 in Axes
   901 | D:2      | 901 ||| DROPPING +6 club.
   905 | D:2      | 905 ||| Stepping ~*~*~tactically~*~*~ (stealth).
   907 | D:2      | 907 ||| Stepping ~*~*~tactically~*~*~ (stealth).
  1295 | D:2      | Found a runed translucent door.
  1296 | D:2      | Noticed Crazy Yiuf
  1429 | D:2      | 1429 ||| DROPPING +3 leather armour.
  1430 | D:2      | 1430 ||| READING 2 scrolls labelled LIJARPH QOCKILE.
  1431 | D:2      | 1431 ||| READING scroll labelled UQOZXO FAOXEHO.
  1446 | D:2      | 1446 ||| READING scroll labelled RIAJEH EREXTI.
  1447 | D:2      | 1447 ||| READING scroll labelled LEIMUSEERU.
  1448 | D:2      | 1448 ||| READING scroll labelled ITWOUT NAGUXE.
  1594 | D:3      | Found a bloodstained altar of Trog.
  1763 | D:3      | Identified the +2 cloak of Infinity {rPois rN+ Int-5 Dex+2}
  1941 | D:3      | Reached XP level 5. HP: 32/32 MP: 5/5
  2064 | D:3      | Noticed Jessica
  2065 | D:3      | 2065 ||| Stepping ~*~*~tactically~*~*~ (hiding).
  2069 | D:3      | Killed Jessica
  2441 | D:3      | 2441 ||| UPGRADING to +2 cloak of Infinity {rPois rN+ Int-5
                  | Dex+2}.
  2446 | D:3      | 2446 ||| READING scroll labelled ONLUSAPINU.
  2547 | D:3      | 2547 ||| READING scroll labelled BYUSSA ZACUI.
  2548 | D:3      | 2548 ||| READING scroll labelled YPPERONNASM.
  2549 | D:3      | 2549 ||| READING scroll labelled SOEGIKH KIMA.
  2550 | D:3      | 2550 ||| DRINKING 2 murky golden potions.
  2551 | D:3      | 2551 ||| READING 3 scrolls of identify.
  2551 | D:3      | 2551 ||| IDENTIFYING bubbling green potion
  2552 | D:3      | 2552 ||| READING 2 scrolls of identify.
  2552 | D:3      | 2552 ||| IDENTIFYING fizzy green potion
  2553 | D:3      | 2553 ||| DROPPING potion of brilliance.
  2669 | D:4      | Reached skill level 1 in Dodging
  2673 | D:4      | Reached skill level 5 in Axes
  2711 | D:4      | Noticed Grinder
  2712 | D:4      | 2712 ||| Stepping ~*~*~tactically~*~*~ (hiding).
  2713 | D:4      | 2713 ||| Stepping ~*~*~tactically~*~*~ (hiding).
  2720 | D:4      | Paralysed by Grinder for 2 turns
  2727 | D:4      | Killed Grinder
  2728 | D:4      | Reached XP level 6. HP: 28/40 MP: 6/6
  2861 | D:4      | Reached XP level 7. HP: 34/44 MP: 7/7
  2903 | D:4      | 2903 ||| DROPPING +2 whip of freezing.
  3087 | D:4      | 3087 ||| UPGRADING to +2 cloak.
  3120 | D:5      | Entered Level 5 of the Dungeon
  3271 | D:5      | 3271 ||| Stepping ~*~*~tactically~*~*~ (stealth).
  3286 | D:5      | Reached skill level 6 in Axes
  3308 | D:5      | 3308 ||| Stepping randomly (stuck).
  3310 | D:5      | 3310 ||| Stepping randomly (stuck).
  3330 | D:5      | 3330 ||| Stepping ~*~*~tactically~*~*~ (stealth).
  3474 | D:5      | Reached skill level 7 in Axes
  3597 | D:5      | Reached XP level 8. HP: 49/49 MP: 8/8
  3718 | D:5      | 3718 ||| UPGRADING to +0 chain mail.
  3728 | D:5      | 3728 ||| DROPPING +0 scale mail.
  3729 | D:5      | 3729 ||| UPGRADING to +2 cloak of Infinity {rPois rN+ Int-5
                  | Dex+2}.
  3739 | D:5      | 3739 ||| DROPPING +2 cloak.
  3740 | D:5      | 3740 ||| DROPPING amulet of faith.
  3769 | D:6      | Reached skill level 1 in Throwing
  3798 | D:6      | 3798 ||| FLEEEEING.
  3807 | D:6      | 3807 ||| STAIRDANCE
  3853 | D:6      | 3853 ||| Stepping ~*~*~tactically~*~*~ (hiding).
  3892 | D:6      | 3892 ||| FLEEEEING.
  3911 | D:6      | 3911 ||| Stepping ~*~*~tactically~*~*~ (stealth).
  3912 | D:6      | 3912 ||| Stepping ~*~*~tactically~*~*~ (stealth).
  3913 | D:6      | 3913 ||| Stepping ~*~*~tactically~*~*~ (stealth).
  3961 | D:6      | 3961 ||| DROPPING +0 flail of protection.
  3981 | D:6      | Found Horhobaq's Weapon Shop.
  4017 | D:6      | You fall into a shaft and drop 1 floor!
  4019 | D:7      | Noticed a wraith
  4029 | D:7      | Reached skill level 8 in Axes
  4031 | D:7      | HP: 10/49 [killer bee (6)]
  4032 | D:7      | 4032 ||| READING scroll of teleportation.
  4032 | D:7      | HP: 4/51 [killer bee (4)]
  4035 | D:7      | Reached skill level 6 in Fighting
  4038 | D:7      | 4038 ||| FLEEEEING.
  4043 | D:7      | HP: 6/51 [killer bee (1)]
  4044 | D:7      | HP: 1/51 [killer bee (5)]
  4044 | D:7      | Slain by a killer bee

Levels and vault maps discovered:
D:1:      spicycebolla_arrival_transporter_tutorial, layout_rooms,
          shapermc_ecumenical_altar_acropolis, minivault_5
D:2:      layout_basic, uniq_robin, uniq_crazy_yiuf_cottage
D:3:      layout_basic, lemuel_round_altar, serial_aquarium,
          aquarium_bridge_square [aquarium_subvault_window,
          aquarium_subvault_bridge, aquarium_subvault_wall,
          aquarium_subvault_bridge], aquarium_window_fake, aquarium_window_3,
          aquarium_window_corner, aquarium_view_2e, aquarium_view_2d,
          aquarium_balcony_5b, minmay_stone_trees_small,
          chequers_serial_rivers_marsh, uniq_jessica
D:4:      layout_rooms, uniq_grinder
D:5:      layout_cave_pools, nicolae_concentric_dashed_squares_wild
D:6:      layout_gridville, nicolae_yredelemnul_ghost_church, serial_shops, shop
D:7:      layout_cave_pools, cheibriados_altar_1,
          minmay_temple_entry_nine_rooms, serial_shops, shop

Skill      XL: |  1  2  3  4  5  6  7  8 |
---------------+-------------------------+-----
Axes           | 2 3 4 5 7 8 |  8.0
Dodging        | 1 |  1.0
Fighting       | 5 6 |  6.2
Throwing       | 1 |  1.2
Armour         | 4 |  4.5
Shields        | |  3.2

Action                   |  1- 3 |  4- 6 |  7- 9 || total
-------------------------+-------+-------+-------++-------
Melee: War axe           |    86 |   177 |   132 ||   395
Throw: Boomerang         |       |    18 |    41 ||    59
  Use: Scroll            |     2 |    11 |     1 ||    14
       Potion            |       |     1 |       ||     1
Armor: Scale mail        |    62 |   101 |    31 ||   194
       Chain mail        |       |       |   124 ||   124
Dodge: Dodged            |    45 |    83 |    84 ||   212
Block: Buckler           |    21 |    33 |    38 ||    92

Table legend:
 A = Non-vault XP
 B = Vault XP
 C = Vault XP percentage of total XP
 D = Non-vault monster count
 E = Vault monster count
 F = Vault count percentage of total count
                 A         B        C        D         E       F
            +---------+---------+-------+---------+---------+-------
      Total |    1698 |     345 |  16.9 |     101 |      13 |  11.4
            +---------+---------+-------+---------+---------+-------
        D:1 |      31 |       0 |   0.0 |      23 |       0 |   0.0
        D:2 |      61 |      36 |  37.1 |      15 |      11 |  42.3
        D:3 |      48 |      37 |  43.5 |      19 |       1 |   5.0
        D:4 |     197 |     272 |  58.0 |      16 |       1 |   5.9
        D:5 |     522 |       0 |   0.0 |      12 |       0 |   0.0
        D:6 |     569 |       0 |   0.0 |      12 |       0 |   0.0
        D:7 |     270 |       0 |   0.0 |       4 |       0 |   0.0
            +---------+---------+-------+---------+---------+-------
